 Dungeon Crawl Stone Soup version 0.18-a0-1303-g41c131c (webtiles) character file.

53 nuthulu the Insei (level 3, 0/19 HPs)
             Began as a Vine Stalker Monk on Feb 12, 2016.
             Slain by a worm (10 damage)
             ... on level 3 of the Dungeon.
             The game lasted 00:02:14 (1881 turns).

nuthulu the Insei (Vine Stalker Monk)               Turns: 1881, Time: 00:02:14

Health: 0/19       AC:  3    Str: 13    XL:     3   Next: 87%
Magic:  0/4        EV: 13    Int: 10    God:
Gold:   49         SH:  0    Dex: 17    Spells: 0 memorised, 2 levels left

rFire  . . .     SeeInvis .       - Unarmed
rCold  . . .     Gourm    .     a - +0 robe
rNeg   . . .     Faith    .     (no shield)
rPois  .         Spirit   +     (no helmet)
rElec  .         Dismiss  .     e - +0 cloak
rCorr  .         Reflect  .     (no gloves)
SustAt .         Harm     .     (no boots)
MR     .....                    (no amulet)
Stlth  +++.......               (no ring)
                                (no ring)

@: not resistant to hostile enchantments, fairly stealthy
A: fangs 2, regeneration 1, magic shield, antimagic bite, no device heal 3, rot
immunity
a: no special abilities


You were on level 3 of the Dungeon.
You were not hungry.

You visited 1 branch of the dungeon, and saw 3 of its levels.

You collected 49 gold pieces.

Inventory:

Armour
 a - a +0 robe (worn)
 e - a +0 cloak (worn)
Jewellery
 f - a +3 amulet of reflection {unknown}
Scrolls
 g - a scroll of amnesia
Potions
 h - a potion of brilliance {unknown}
Comestibles
 b - 2 bread rations
 c - 2 beef jerkies
 d - a royal jelly
 i - 3 fruits
 j - 4 chunks of flesh


   Skills:
 + Level 2.9 Fighting
 + Level 2.7 Dodging
 + Level 3.3 Stealth
 + Level 4.6 Unarmed Combat


You had 2 spell levels left.
You didn't know any spells.

Dungeon Overview and Level Annotations

Branches:
Dungeon (3/15)

Altars:
Kikubaaqudgha
Nemelex Xobeh
Qazlal


Innate Abilities, Weirdness & Mutations

You have extremely sharp teeth.
Your natural rate of healing is unusually fast.
When hurt, damage is shared between your health and your magic reserves.
Your bite disrupts and absorbs the magic of your enemies.
Potions and wands cannot restore your health.
You are immune to rotting.


Message History

An orc comes into view. It is wielding a short sword.
Found a scroll labeled OFEUTEHIFI and 13 gold pieces.
An orc is nearby!
A giant cockroach comes into view.
Found an escape hatch in the ceiling.
A worm and an orc come into view.
There is an open door here.
The orc shouts!
You hit the worm.
The worm is lightly wounded.
The giant cockroach closely misses you.
The orc shouts!
You hit the worm. You bite the worm. You drain its power.
The worm is moderately wounded.
The giant cockroach bites you but does no damage.
The worm bites you! The giant cockroach barely misses you.
The giant cockroach closely misses you. The giant cockroach misses you.
The worm bites you!
Ouch! That really hurt!
You die...

###############
...............
...............
#........?...$.
###............#
....o...........#
........<..oo...#..
.........s.w...'..
##.#'#'#+#@#.#.#..
#.#.#.#.#.## #
##.#.#.#.#+# ##8
#.#.#.#.#..##8.
##.#.#.#+..##.
#.#.#.#.#..#_...
##.#.#.#+..##... #
#.#)#.#.#..##8.. #
#.#)#.#+..# ##8


You could see a worm, an orc wizard (wandering), 2 orcs and a giant cockroach.

Vanquished Creatures
  An ooze (D:1)
  3 worms (D:2)
  2 giant geckos (D:1)
  2 orcs (D:3)
  7 bats
  3 giant cockroaches
  6 goblins
  3 hobgoblins
  3 kobolds
  3 rats
33 creatures vanquished.

Notes
Turn   | Place    | Note
--------------------------------------------------------------
     0 | D:1      | nuthulu the Vine Stalker Monk began the quest for the Orb.
     0 | D:1      | Reached XP level 1. HP: 11/11 MP: 2/2
    85 | D:1      | Reached XP level 2. HP: 16/16 MP: 3/3
   887 | D:2      | Reached XP level 3. HP: 19/19 MP: 4/4
  1049 | D:2      | Found a stormy altar of Qazlal.
  1303 | D:2      | Found an ancient bone altar of Kikubaaqudgha.
  1846 | D:3      | Found a sparkling altar of Nemelex Xobeh.
  1881 | D:3      | Slain by a worm

Vault maps used:
D:1:      ncdulo_halloftheorcs
D:2:      lemuel_crystal_altar, lemuel_crystal_altar
D:3:      nicolae_overflow_hidden_temple, nicolae_overflow_crystal_walls,
          first_bread, st_stairs_5

Action                   || total
-------------------------++-------
Melee: Unarmed           ||    96
  Use: Scroll            ||     3
 Stab: Sleeping          ||     9
  Eat: Chunk             ||     3
